 Dungeon Crawl Stone Soup version 0.22.1-1-ga44c0e56f4 (webtiles) character file.

11582 LLavrengius the Slicer (level 11, -3/58 HPs)
             Began as a Spriggan Enchanter on Oct 16, 2018.
             Was a Follower of Uskayaw.
             Slain by Gastronok (37 damage)
             ... on level 12 of the Dungeon on Oct 17, 2018.
             The game lasted 01:07:45 (12775 turns).

LLavrengius the Slicer (Spriggan Enchanter)        Turns: 12775, Time: 01:07:45

Health: -3/58      AC:  5    Str:  6    XL:     11   Next: 51%
Magic:  20/24      EV: 18    Int: 23    God:    Uskayaw [*.....]
Gold:   642        SH:  0    Dex: 17    Spells: 17/26 levels left

rFire    . . .     SeeInvis +   q - +3 dagger (elec)
rCold    . . .     Gourm    .   (shield restricted)
rNeg     . . .     Faith    .   e - +1 robe {MR+}
rPois    .         Spirit   .   (helmet restricted)
rElec    .         Reflect  .   r - +0 cloak
rCorr    .         Harm     .   (gloves unavailable)
MR       ++...                  (boots unavailable)
Stlth    ++++......             c - amulet of magic regeneration
HPRegen  0.19/turn              A - +5 ring of intelligence
MPRegen  0.44/turn              g - +1 ring of protection

@: very quick
A: very small, unfitting armour, see invisible, herbivore, speed 3, slow
metabolism 2
a: Stomp, Renounce Religion


You were on level 12 of the Dungeon.
You worshipped Uskayaw.
Uskayaw was noncommittal.
You were not hungry.

You visited 2 branches of the dungeon, and saw 13 of its levels.
You also visited: Sewer.

You collected 778 gold pieces.
You spent 136 gold pieces at shops.

Inventory:

Hand Weapons
 b - a +0 hunting sling
 q - a +3 dagger of electrocution (weapon)
 y - a +1 dagger of venom
 D - a +3 dagger of protection
 E - a +0 dagger of venom
 P - a +2 short sword of venom
Missiles
 s - 316 stones (quivered)
 x - 65 sling bullets
Armour
 e - a +1 robe of magic resistance (worn)
 r - a +0 cloak (worn)
Jewellery
 a - an uncursed ring of protection from cold
 c - an amulet of magic regeneration (around neck)
 g - a +1 ring of protection (right hand)
 A - a +5 ring of intelligence (left hand)
 I - an uncursed ring of wizardry {unknown}
 L - an uncursed amulet of guardian spirit {unknown}
 Q - an uncursed ring of protection from fire {unknown}
Wands
 l - a wand of clouds (11)
 G - a wand of random effects (42)
 K - a wand of polymorph (15)
 O - a wand of enslavement (13)
Scrolls
 h - 4 scrolls of identify
 i - 2 scrolls of amnesia
 j - 5 scrolls of teleportation
 k - a scroll of blinking
 n - 6 scrolls of enchant weapon
 o - 5 scrolls of remove curse
 w - 2 scrolls of enchant armour {unknown}
 F - a scroll of torment {unknown}
 H - 3 scrolls of magic mapping {unknown}
 J - a scroll of fog
 M - a scroll of silence {unknown}
Potions
 f - 6 potions of flight
 m - 3 potions of agility
 p - 6 potions of curing
 t - a potion of brilliance
 u - a potion of resistance {unknown}
 v - 3 potions of heal wounds
 z - 4 potions of lignification
 B - 3 potions of mutation {unknown}
 C - 2 potions of invisibility
 N - a potion of magic
Comestibles
 d - 10 rations


   Skills:
 * Level 7.0 Fighting
 + Level 10.3 Short Blades
 - Level 5.0 Slings
 - Level 3.0 Dodging
 + Level 7.5 Stealth
 - Level 8.1 Spellcasting
 - Level 10.1 Hexes
 - Level 4.2 Translocations
 - Level 4.2 Invocations
 - Level 5.0 Evocations


You had 17 spell levels left.
You knew the following spells:

 Your Spells              Type           Power        Failure   Level  Hunger
a - Gell's Gravitas       Tloc           ####......   3%          3    None
b - Tukima's Dance        Hex            ######..     1%          3    None
c - Confuse               Hex            ######..     1%          3    None

Your spell library contained the following spells:

 Spells                   Type           Power        Failure   Level  Hunger
 Corona                   Hex            ######.      1%          1    None
 Ensorcelled Hibernation  Hex/Ice        ####..       1%          2    None
 Dazzling Spray           Conj/Hex       ####..       2%          3    None
 Lesser Beckoning         Tloc           ####......   3%          3    None
 Simulacrum               Ice/Necr       #.........   100%        6    ######.
 Controlled Blink         Tloc           N/A          100%        8    #######


Dungeon Overview and Level Annotations

Branches:
Dungeon (12/15)            Temple (1/1) D:7            Lair (0/6) D:11
    Orc (0/2) D:11

Altars:
Ashenzari
Cheibriados
Dithmenos
Elyvilon
Fedhas
Gozag
Hepliaklqana
Kikubaaqudgha
Makhleb
Nemelex Xobeh
Okawaru
Qazlal
Ru
Sif Muna
Trog
Uskayaw
Vehumet
Wu Jian
Xom
Yredelemnul
Zin
The Shining One

Shops:
D:5 [   D:9 *   D:11 (!

Annotations:
D:12 Gastronok


Innate Abilities, Weirdness & Mutations

You are very small and have problems with some larger weapons.
You are too small for most types of armour.
You have supernaturally acute eyesight. (SInv)
You are a herbivore.
You cover ground extremely quickly.
You need to consume almost no food.


Message History

Confirm with . or Enter, or press ? or * to list all spells.
Aiming: Confuse (safe; 1% risk of failure)
Press: ? - help, Shift-Dir - straight line, f - Gastronok, p - cyclops
Aim: Gastronok, wearing the +3 hat of Pondering {ponderous, MR+ MP+10 Int+5}
Okay, then.
You hit Gastronok but do no damage. You hit Gastronok but do no damage.
Lightning courses through Gastronok!
Gastronok is lightly wounded.
Gastronok bites you!!
You hit Gastronok but do no damage.
Gastronok is lightly wounded.
You hit Gastronok but do no damage.
Gastronok is lightly wounded.
You hit Gastronok.
Gastronok is lightly wounded.
You hit Gastronok.
Gastronok is lightly wounded.
Gastronok bites you!!!
Ouch! That really hurt!
You die...

#.# #.# #.# #.# #.# #.#
#.###.##########.####
#....................
#.#)###.##########.####
#.....#รท# #.....
########.#.# #.####
.......#w#.# ###
###.......@.# .
...........###.#
###.............#
................#
#..............#
.#.C............#
w.........#######
.........>.....
......C...#####


You could see Gastronok and a cyclops (confused).

Vanquished Creatures
  A hydra (D:11)
  Erica (D:11)
  Pikel (D:4)
  An orc knight (D:11)
  Maurice (D:11)
  A troll (D:11)
  Grinder (D:3)
  A spriggan (D:8)
  3 hungry ghosts
  14 yaks
  A soldier ant (D:10)
  2 water moccasins
  4 porcupines
  3 sky beasts
  Purgy (Sewer)
  7 orc warriors
  A black bear (D:8)
  8 ogres
  A phantom (D:6)
  3 boggarts (D:11)
  5 centaurs
  2 crocodiles (D:11)
  8 bullfrogs
  A gnoll sergeant (D:8)
  A wyvern skeleton (D:10)
  7 scorpions
  6 killer bees
  2 howler monkeys (D:10)
  An electric eel (D:6)
  A crimson imp (D:11)
  A centaur zombie (D:7)
  2 centaur skeletons
  10 hounds
  A jelly (D:5)
  7 orc wizards
  An orc priest (D:5)
  3 iron imps (D:7)
  3 iguanas
  Terence (D:2)
  Natasha (thrice) (D:3)
  7 worker ants
  A worker ant zombie (D:8)
  8 gnolls
  15 adders
  3 shadow imps
  2 oozes
  An adder skeleton (D:5)
  3 worms
  A dart slug (D:1)
  7 leopard geckos
  33 orcs
  A ball python (D:2)
  5 giant cockroaches
  13 goblins
  7 hobgoblins
  13 jackals
  6 kobolds
  2 quokkas
  8 bats
  5 frilled lizards
  A quokka zombie (D:5)
  3 rats
267 creatures vanquished.

Vanquished Creatures (collateral kills)
  Crazy Yiuf (D:2)
1 creature vanquished.

Vanquished Creatures (others)
  2 dancing weapons (D:4)
  An orc (D:8)
  4 bushes (D:11)
  7 fungi
  14 plants
28 creatures vanquished.

Grand Total: 296 creatures vanquished

Notes
Turn   | Place    | Note
-------+----------+-------------------------------------------
     0 | D:1      | LLavrengius the Spriggan Enchanter began the quest for the
                  | Orb.
     0 | D:1      | Reached XP level 1. HP: 9/9 MP: 5/5
   275 | D:1      | Reached XP level 2. HP: 13/13 MP: 6/6
   767 | D:2      | Reached XP level 3. HP: 15/16 MP: 8/8
   785 | D:2      | Learned a level 3 spell: Tukima's Dance
   789 | D:2      | Learned a level 3 spell: Confuse
   810 | D:2      | Found a runed door.
  1293 | D:2      | Noticed Terence
  1297 | D:2      | Killed Terence
  1297 | D:2      | Reached XP level 4. HP: 21/21 MP: 9/9
  1577 | D:2      | Reached skill level 5 in Stealth
  1957 | D:2      | Noticed Crazy Yiuf
  1975 | D:2      | Killed Crazy Yiuf
  2012 | D:3      | Reached XP level 5. HP: 24/24 MP: 10/10
  2145 | D:3      | Found a snail-covered altar of Cheibriados.
  2170 | D:3      | Noticed Natasha
  2178 | D:3      | Killed Natasha
  2235 | D:3      | Found a blossoming altar of Fedhas.
  2247 | D:3      | Noticed Natasha
  2256 | D:3      | Killed Natasha
  2256 | D:3      | Reached skill level 5 in Hexes
  2405 | D:3      | Noticed Grinder
  2502 | D:3      | Killed Grinder
  2502 | D:3      | Reached skill level 5 in Short Blades
  2502 | D:3      | Reached XP level 6. HP: 28/28 MP: 5/12
  2549 | D:3      | Found a bloodstained altar of Trog.
  2663 | D:3      | Noticed Natasha
  2676 | D:3      | Killed Natasha
  2986 | D:4      | Noticed Pikel
  2986 | D:4      | Noticed a slave
  2988 | D:4      | Noticed a slave
  2988 | D:4      | Noticed a slave
  2988 | D:4      | Noticed a slave
  3000 | D:4      | Killed Pikel
  3000 | D:4      | Reached skill level 5 in Spellcasting
  3000 | D:4      | Reached XP level 7. HP: 29/35 MP: 7/15
  3174 | D:4      | Reached XP level 8. HP: 27/39 MP: 12/17
  3620 | D:4      | Found a deep blue altar of Sif Muna.
  3632 | D:4      | Found a hide-covered altar of Uskayaw.
  3656 | D:5      | Entered Level 5 of the Dungeon
  3857 | D:5      | Found a shimmering altar of Xom.
  3958 | D:5      | Found a glowing drain.
  3982 | Sewer    | Entered a sewer
  4079 | Sewer    | Noticed Purgy
  4092 | Sewer    | Killed Purgy
  4901 | D:5      | Found an opulent altar of Gozag.
  4992 | D:5      | Found Tiqaap's Armour Shoppe.
  5314 | D:5      | Reached XP level 9. HP: 45/45 MP: 20/20
  5848 | D:6      | Reached skill level 10 in Short Blades
  5964 | D:6      | Found a blossoming altar of Fedhas.
  6103 | D:6      | Identified the Grimoire of Stolen Souls and Displacement
  6478 | D:7      | Found a burning altar of Makhleb.
  6597 | D:7      | Found a staircase to the Ecumenical Temple.
  6646 | D:7      | Reached skill level 5 in Fighting
  6651 | Temple   | Entered the Ecumenical Temple
  6854 | D:4      | Became a worshipper of Uskayaw the Reveler
  6964 | D:7      | Reached * piety under Uskayaw
  6978 | D:7      | Reached ** piety under Uskayaw
  6980 | D:7      | Reached skill level 1 in Slings
  6980 | D:7      | Reached skill level 1 in Evocations
  7011 | D:7      | Reached *** piety under Uskayaw
  7024 | D:7      | Reached **** piety under Uskayaw
  7041 | D:7      | Reached skill level 1 in Invocations
  7042 | D:7      | Reached ***** piety under Uskayaw
  7479 | D:7      | You fall through a shaft for 2 floors!
  7613 | D:8      | Reached XP level 10. HP: 33/51 MP: 18/23
  9071 | D:9      | Found an ornate altar of the Wu Jian Council.
  9118 | D:9      | Found Deumot's Assorted Antiques.
  9199 | D:9      | Found an ancient bone altar of Kikubaaqudgha.
  9199 | D:9      | Found an iron altar of Okawaru.
  9200 | D:9      | Found a radiant altar of Vehumet.
  9285 | D:9      | Found a shadowy altar of Dithmenos.
  9357 | D:10     | Entered Level 10 of the Dungeon
 10203 | D:10     | Learned a level 3 spell: Gell's Gravitas
 10270 | D:11     | Found a staircase to the Lair.
 10386 | D:11     | Reached skill level 1 in Translocations
 10672 | D:11     | Noticed an orc knight
 10672 | D:11     | Noticed a five-headed hydra
 10791 | D:11     | Killed a five-headed hydra
 10791 | D:11     | Reached skill level 5 in Evocations
 10800 | D:11     | Killed an orc knight
 10800 | D:11     | Reached XP level 11. HP: 54/56 MP: 22/24
 10809 | D:11     | Found Sushrism's Weapon Shoppe.
 10813 | D:11     | Found a staircase to the Orcish Mines.
 11110 | D:11     | Reached skill level 5 in Slings
 11126 | D:11     | Found Lifag's Distillery.
 11170 | D:11     | Noticed Maurice
 11731 | D:11     | Noticed Erica
 11746 | D:11     | Killed Erica
 11779 | D:11     | Bought a potion of magic for 136 gold pieces
 11795 | D:11     | Reached skill level 10 in Hexes
 12032 | D:11     | Killed Maurice
 12095 | D:12     | Noticed a two-headed ogre
 12723 | D:12     | Noticed Gastronok
 12775 | D:12     | Slain by Gastronok

Skill      XL: |  1  2  3  4  5  6  7  8  9 10 11 |
---------------+----------------------------------+-----
Spellcasting   | 3 5 6 8 |  8.1
Short Blades   | 2 3 5 7 9 10 | 10.3
Hexes          | 4 5 6 9 10 | 10.1
Stealth        | 5 6 7 |  7.5
Fighting       | 2 3 5 6 7 |  7.0
Slings         | 1 4 5 |  5.0
Evocations     | 2 5 |  5.0
Invocations    | 1 3 4 |  4.2
Translocations | 3 4 |  4.2
Dodging        | |  3.0

Action                   |  1- 3 |  4- 6 |  7- 9 | 10-12 || total
-------------------------+-------+-------+-------+-------++-------
Melee: Dagger            |   128 |   148 |   304 |   401 ||   981
       Short sword       |       |       |       |    10 ||    10
 Fire: Hunting sling     |       |       |    19 |       ||    19
 Cast: Corona            |     6 |       |     3 |       ||     9
       Confuse           |     5 |     6 |    33 |    66 ||   110
       Tukima's Dance    |       |     8 |     6 |     4 ||    18
Invok: Line Pass         |       |       |       |     3 ||     3
       Stomp             |       |       |       |     1 ||     1
  Use: Scroll            |     6 |     4 |     1 |     7 ||    18
 Stab: Sleeping          |     5 |     7 |    17 |     5 ||    34
       Confused          |     3 |     3 |    16 |    29 ||    51
       Distracted        |       |     1 |     2 |       ||     3
       Paralysed         |       |       |     1 |    10 ||    11
       Held in net/web   |       |       |     1 |       ||     1
  Eat: Ration            |       |     1 |     3 |     4 ||     8
Armor: Robe              |    11 |    13 |    25 |    28 ||    77
Dodge: Dodged            |    94 |    75 |   122 |   175 ||   466
